Map: Interloper LE

Players

Chewiisky - Winner!

  • Race: Protoss Protoss
  • League: Platinum
  • Spawn Location: 11:00

Yata

  • Race: Zerg Zerg
  • League: Platinum
  • Spawn Location: 5:00

VOD

Have the link to the VOD?

Description

Time

  • Played on: Sept. 20, 2017, 12:29 p.m.
  • Length: 18:42
Show
View Real Time Build Order
Export as new Build Order

Chewiisky Protoss - Winner!

Build Orders: Oracle Opening, Phoenix Opening 

Get SALT Encoding   

  12  0:01  Probe (Chrono Boost)  
  13  0:17  Pylon  
  13  0:18  Probe (Chrono Boost)  
  14  0:36  Gateway  
  14  0:37  Probe (Chrono Boost)  
  15  0:48  Probe (Chrono Boost)  
  16  0:59  Assimilator, Probe (Chrono Boost)  
  17  1:06  Assimilator  
  17  1:09  Probe (Chrono Boost)  
  18  1:20  Probe (Chrono Boost)  
  18  1:24  Zealot  
  21  1:29  Cybernetics Core  
  21  1:30  Probe (Chrono Boost)  
  22  1:41  Probe (Chrono Boost)  
  23  1:48  Pylon  
  23  2:06  Probe (Chrono Boost)  
  24  2:10  Stargate  
  24  2:18  Mothership Core (Chrono Boost)  
  26  2:33  Warp Gate (Chrono Boost)  
  26  2:39  Nexus  
  26  2:46  Probe  
  27  2:54  Oracle (Chrono Boost)  
  30  3:02  Pylon  
  30  3:04  Probe  
  31  3:22  Gateway  
  31  3:29  Twilight Council  
  31  3:31  Probe  
  32  3:38  Stalker  
  34  3:43  Probe  
  35  3:51  Phoenix  
  35  3:55  Probe  
  38  4:05  Probe  
  39  4:22  Probe  
  39  4:23  Probe  
  38  4:30  Gateway  
  38  4:31  Charge (Chrono Boost)  
  38  4:32  Probe  
  38  4:35  Probe  
  38  4:38  Robotics Facility  
  40  4:43  Probe  
  41  4:47  Probe  
  41  4:49  Assimilator  
  42  4:52  Assimilator  
  42  4:53  Probe  
  43  5:02  Pylon  
  43  5:05  Gateway  
  43  5:09  Probe  
  43  5:10  Forge  
  43  5:12  Probe  
  43  5:13  Forge  
  45  5:22  Probe  
  45  5:23  Probe  
  45  5:28  Warp Prism  
  49  5:39  Probe  
  49  5:40  Probe  
  51  5:49  Probe  
  51  5:57  Probe  
  51  6:12  Gateway  
  51  6:13  Protoss Ground Weapons Level 1 (Chrono Boost)  
  51  6:14  Protoss Ground Armor Level 1 (Chrono Boost)  
  51  6:22  Immortal  
  51  6:23  Probe  
  56  6:28  Nexus  
  56  6:31  Pylon  
  56  6:32  Phoenix  
  56  6:35  Pylon  
  58  6:47  Probe  
  58  6:48  Probe  
  58  6:53  Photon Cannon  
  60  6:57  Photon Cannon  
  60  7:00  Gateway  
  60  7:03  Gateway  
  60  7:06  Gateway  
  60  7:09  Immortal  
  60  7:10  Photon Cannon  
  64  7:32  Stalker  
  64  7:33  Zealot x2, Stalker  
  72  7:41  Photon Cannon, Probe  
  73  7:51  Probe  
  74  8:02  Zealot x4  
  74  8:03  Zealot x2  
  82  8:27  Zealot  
  82  8:28  Zealot x3  
  82  8:29  Zealot x2  
  86  8:43  Templar Archives  
  86  8:53  Protoss Ground Weapons Level 2 (Chrono Boost)  
  86  8:54  Protoss Ground Armor Level 2 (Chrono Boost)  
  74  9:10  Stalker x3  
  74  9:11  Stalker  
  74  9:14  Zealot x2  
  86  9:23  Probe  
  86  9:25  Probe x2  
  86  9:30  Assimilator  
  89  9:34  Assimilator  
  89  9:35  Blink  
  89  9:37  High Templar, Probe  
  92  9:42  Pylon  
  92  9:44  Pylon  
  92  9:49  Probe  
  91  9:52  High Templar  
  91  9:58  Archon  
  93  10:01  Probe  
  93  10:03  High Templar  
  93  10:04  High Templar x3  
  93  10:05  High Templar  
  104  10:07  Psionic Storm  
  104  10:11  High Templar  
  104  10:12  Archon  
  104  10:13  Archon  
  106  10:26  Observer  
  107  10:35  Gateway  
  107  10:41  Stalker  
  109  10:49  Pylon  
  109  10:53  Pylon  
  109  10:55  Pylon  
  109  10:56  Pylon  
  109  10:57  Pylon  
  109  10:59  Pylon  
  109  11:04  Robotics Bay  
  109  11:06  Warp Prism  
  76  11:41  Stalker  
  76  11:42  Stalker x3  
  76  11:43  Stalker  
  76  11:44  Stalker x3  
  88  12:04  Colossus  
  88  12:05  Protoss Ground Weapons Level 3 (Chrono Boost)  
  88  12:06  Protoss Ground Armor Level 3 (Chrono Boost), Extended Thermal Lance  
  94  12:13  Robotics Facility  
  94  12:14  Robotics Facility  
  94  12:19  Zealot x3  
  94  12:20  Zealot x4  
  94  12:21  Zealot  
  110  12:24  Mothership Core  
  112  12:40  Nexus  
  112  12:42  Pylon  
  112  12:44  High Templar  
  112  12:45  High Templar x3, Pylon  
  112  12:46  High Templar  
  112  12:48  High Templar  
  122  12:54  Archon  
  122  12:55  Archon x2  
  66  13:38  Zealot x3  
  66  13:39  Zealot x3  
  66  13:40  Zealot x2  
  78  13:51  Colossus x3 (Chrono Boost)  
  96  14:08  Stalker x3  
  96  14:09  Stalker x2  
  106  14:14  Nexus  
  106  14:16  Pylon  
  106  14:21  Pylon  
  106  14:38  Zealot  
  106  14:39  Zealot x4  
  106  14:40  Zealot x3  
  116  15:04  Zealot x3  
  116  15:05  Zealot x2  
  116  15:06  Zealot x2  
  106  15:36  Zealot x3  
  106  15:38  Zealot x3  
  106  15:39  Zealot x2  
  120  15:45  Colossus (Chrono Boost)  
  126  15:53  Probe  
  127  16:03  Probe  
  124  16:14  Probe  
  124  16:18  Void Ray  
  129  16:20  Protoss Shields Level 1  
  129  16:25  Probe  
  129  16:27  Assimilator  
  130  16:35  Probe  
  130  16:37  High Templar x2  
  130  16:38  High Templar x2  
  139  16:41  High Templar x2  
  139  16:44  Archon x2  
  141  16:49  Archon  
  141  16:52  Colossus (Chrono Boost)  
  141  16:53  Colossus (Chrono Boost)  
  153  16:55  Colossus (Chrono Boost)  
  159  17:02  Observer Gravitic Boosters  
  159  17:08  Photon Cannon  
  159  17:11  Photon Cannon  
  159  17:27  Nexus  
  159  17:30  Pylon  
  159  17:40  Colossus (Chrono Boost)  
  159  17:42  Zealot x2  
  159  17:43  Zealot  
  171  18:03  Stalker x3  
  171  18:04  Stalker x2  
  181  18:11  Pylon  
  181  18:15  Stalker  
  181  18:16  Stalker x2  
Show
View Real Time Build Order
Export as new Build Order

Yata Zerg 

Build Orders: Hatch First 

Get SALT Encoding   

  12  0:01  Drone  
  13  0:13  Overlord  
  13  0:17  Drone  
  14  0:32  Drone x2  
  17  0:35  Drone  
  17  0:56  Hatchery  
  16  0:58  Drone  
  16  0:59  Drone  
  18  1:11  Extractor  
  18  1:16  Spawning Pool  
  16  1:18  Drone  
  16  1:22  Drone  
  18  1:28  Drone  
  19  1:40  Overlord  
  19  1:51  Drone  
  20  2:02  Queen  
  20  2:08  Queen  
  24  2:09  Zergling x4  
  24  2:13  Metabolic Boost  
  24  2:15  Drone  
  27  2:21  Drone  
  28  2:36  Drone, Baneling Nest  
  28  2:37  Drone, Evolution Chamber  
  29  2:38  Drone  
  29  2:41  Overlord  
  29  2:51  Drone  
  30  2:54  Queen  
  30  2:57  Drone  
  33  3:07  Zergling x6  
  36  3:15  Drone x3  
  36  3:17  Drone  
  40  3:20  Drone  
  40  3:24  Overlord  
  41  3:27  Baneling x2  
  41  3:28  Baneling  
  41  3:33  Baneling  
  41  3:55  Drone x7  
  48  4:07  Spore Crawler  
  45  4:12  Spore Crawler, Queen  
  41  4:23  Zerg Melee Weapons Level 1  
  41  4:50  Zergling x6  
  44  4:55  Overlord, Hatchery  
  44  4:56  Overlord x2  
  43  5:37  Spore Crawler  
  43  5:40  Spore Crawler  
  41  5:59  Lair  
  41  6:08  Drone  
  41  6:09  Drone x10  
  41  6:10  Drone x5  
  57  6:15  Drone x2  
  57  6:16  Drone  
  57  6:17  Drone x3  
  63  6:19  Extractor  
  62  6:26  Spore Crawler  
  61  6:52  Zerg Missile Weapons Level 1  
  61  6:59  Hydralisk Den  
  60  7:01  Queen  
  60  7:02  Queen  
  60  7:06  Zergling x4  
  66  7:21  Pneumatized Carapace  
  63  7:32  Overlord x4  
  63  7:42  Muscular Augments  
  63  7:54  Hydralisk  
  63  7:55  Hydralisk  
  67  8:00  Zergling x16  
  67  8:01  Zergling x26  
  67  8:03  Queen  
  70  8:31  Hydralisk  
  70  8:32  Hydralisk x2  
  73  8:37  Extractor, Drone x3  
  73  8:40  Drone x3  
  73  8:41  Extractor  
  77  8:43  Extractor, Drone x3  
  69  8:57  Zergling x2  
  69  8:58  Zergling x22  
  77  9:10  Zergling x2  
  77  9:11  Zergling x8  
  82  9:23  Zerg Missile Weapons Level 2  
  82  9:26  Hydralisk x2  
  86  9:39  Zergling x2  
  86  9:40  Zergling x6  
  86  9:43  Hatchery  
  89  9:59  Overlord x4  
  89  10:14  Overlord x4  
  89  10:17  Hydralisk x4  
  89  10:19  Hydralisk x6  
  109  10:34  Queen  
  111  10:37  Hydralisk x5  
  111  10:40  Zergling x12  
  127  10:49  Infestation Pit  
  126  10:53  Drone  
  126  10:54  Drone x6  
  126  10:56  Drone x2, Queen  
  132  11:12  Zergling x16  
  132  11:13  Zergling x4  
  121  11:23  Zergling x2  
  121  11:24  Zergling x12  
  115  11:39  Zergling x2  
  108  11:40  Zergling x18  
  117  11:50  Zerg Ground Armor Level 1  
  116  11:54  Hive  
  116  11:59  Zergling x18  
  116  12:00  Zergling x4  
  121  12:10  Hydralisk  
  121  12:11  Hydralisk x7  
  137  12:20  Pathogen Glands  
  137  12:25  Baneling  
  137  12:26  Baneling x12  
  137  12:28  Centrifical Hooks  
  137  12:45  Zergling x2  
  137  12:46  Zergling x26  
  147  13:09  Zergling x18  
  147  13:10  Zergling x16  
  123  13:25  Zergling x8  
  123  13:26  Zergling x8  
  114  13:42  Hydralisk  
  114  13:43  Hydralisk x4  
  124  13:53  Adrenal Glands  
  124  14:00  Ultralisk Cavern  
  123  14:06  Drone  
  123  14:07  Extractor, Drone x2  
  125  14:15  Hydralisk x8  
  125  14:16  Hydralisk x5  
  151  14:20  Zerg Ground Armor Level 2  
  151  14:21  Hatchery  
  150  14:38  Queen  
  152  14:47  Overlord x6  
  119  15:02  Zergling x10  
  119  15:03  Zergling x12  
  103  15:17  Ultralisk  
  103  15:18  Ultralisk x2  
  120  15:34  Zergling x8  
  120  15:35  Zergling x12  
  111  15:43  Ultralisk  
  111  15:47  Chitinous Plating  
  111  15:53  Hydralisk x2  
  111  15:54  Hydralisk x5  
  117  16:11  Hydralisk  
  117  16:12  Hydralisk x3  
  117  16:15  Zergling x16  
  117  16:16  Zergling x2  
  134  16:23  Drone x3  
  136  16:51  Viper x2  
  136  16:52  Hatchery  
  141  16:55  Queen  
  143  17:09  Zergling x14  
  150  17:20  Hatchery  
  149  17:44  Hatchery  
  149  17:46  Zergling x8  
  149  17:47  Zergling x12  
  158  17:52  Hatchery, Baneling  
  158  17:53  Baneling x6  
  157  18:10  Hydralisk x3  
  157  18:11  Hydralisk x2  
Tags
 
Add a new tag
Caveats
  • Supply blocks, unpowered buildings, or Contaminate may cause inaccurate times.
  • Supply counts are checked every 10 seconds.